 Dungeon Crawl Stone Soup version 0.24.0-123-gd5b16e6ec5 (webtiles) character file.

Game seed: 7817244474469127875, levelgen mode: deterministic

48 Mesmaeker13 the Sneak (level 3, -1/28 HPs)
             Began as a Naga Enchanter on Feb 11, 2020.
             Slain by a hobgoblin
             ... wielding a +0 club
              (4 damage)
             ... on level 2 of the Dungeon.
             The game lasted 00:02:31 (1761 turns).

Mesmaeker13 the Sneak (Naga Enchanter)              Turns: 1761, Time: 00:02:32

Health: -1/28      AC:  3    Str: 10    XL:     3   Next: 72%
Magic:  5/6        EV: 10    Int: 15    God:
Gold:   99         SH:  0    Dex: 12    Spells: 5/6 levels left

rFire    x . .     SeeInvis +   a - +1 dagger
rCold    + . .     Gourm    .   (no shield)
rNeg     . . .     Faith    .   b - +0 robe
rPois    +         Spirit   .   (no helmet)
rElec    .         Reflect  .   j - +0 cloak
rCorr    .         Harm     .   (no gloves)
MR       .....                  (no barding)
Stlth    +++.......             (no amulet)
HPRegen  0.09/turn              g - +2 ring of slaying
MPRegen  0.10/turn              h - ring of ice

@: short of breath, very slow
A: large, see invisible, deformed body, poison resistance, slowness 2, slow
metabolism 1, spit poison 1, AC +1
a: Spit Poison


You were on level 2 of the Dungeon.
You were hungry.

You visited 1 branch of the dungeon, and saw 2 of its levels.

You collected 99 gold pieces.

Inventory:

Hand Weapons
 a - a +1 dagger (weapon)
 n - a +0 short sword of speed
Armour
 b - a +0 robe (worn)
 j - a +0 cloak (worn)
Jewellery
 g - a +2 ring of slaying (left hand)
 h - a ring of ice (right hand)
Scrolls
 e - a scroll of identify {unknown}
 f - a scroll of enchant armour {unknown}
 i - a scroll of random uselessness {unknown}
 k - a scroll of fear {unknown}
 l - a scroll of noise {unknown}
 m - a scroll of remove curse {unknown}
Potions
 c - a potion of ambrosia {unknown}
 o - a potion of magic {unknown}
 p - a potion of cancellation
Comestibles
 d - 4 rations
 q - a chunk of flesh


   Skills:
 + Level 1.9 Short Blades
 + Level 2.1 Dodging
 + Level 5.2 Stealth
 - Level 2.0 Spellcasting
 + Level 3.4 Hexes


You had 5 spell levels left.
You knew the following spells:

 Your Spells              Type           Power        Failure   Level  Hunger
a - Corona                Hex            ##.....      5%          1    #......

Your spell library contained the following spells:

 Spells                   Type           Power        Failure   Level  Hunger
 Confuse                  Hex            ##......     16%         3    ###....
 Tukima's Dance           Hex            ##......     16%         3    ###....
 Ensorcelled Hibernation  Hex/Ice        #.....       17%         2    ###....
 Dazzling Spray           Conj/Hex       #.....       32%         3    ###....


Dungeon Overview and Level Annotations

Branches:
Dungeon (2/15)

Altars:
Fedhas


Innate Abilities, Weirdness & Mutations

You cannot wear boots.
Your serpentine skin is tough. (AC +1)
You have supernaturally acute eyesight. (SInv)
Armour fits poorly on your strangely shaped body.
Your system is resistant to poisons. (rPois)
You cover ground very slowly.
You have a slow metabolism.
You can spit poison.


Message History

You hit the ooze but do no damage.
The ooze is almost dead.
The ooze hits you.
* * * LOW HITPOINT WARNING * * *
You hit the ooze.
You kill the ooze!
The hobgoblin hits you with a +0 club.
* * * LOW HITPOINT WARNING * * *
The hobgoblin closely misses you. The rat barely misses you.
Okay, then.
Press: ? - help, Shift-Dir - straight line, f - hobgoblin
Aim: a hobgoblin, wielding a +0 club The splash of poison hits the hobgoblin.
The hobgoblin is moderately wounded.
You feel slightly more hungry. The rat closely misses you.
The hobgoblin closely misses you. The rat bites you but does no damage.
It was a potion of cancellation.
You feel magically purged. The hobgoblin hits you with a +0 club.
You die...

#....## #...≈≈≈≈ ###....<#####
#..≈≈≈≈≈ #.+....#....#
#...≈≈≈≈
#.#..).+.##+##########...≈≈≈≈
#.#....#............)....≈≈≈.
##'##)..'...........####≈≈≈...
#....####...........# #######
#.....# #.....g.....#
####.....###....@r.....#
...#####.##.....######## ...#
#>................ ...#
##.##............. ...#
#.##...#.#######.
...#####.##...#.###
...##....)(#.#....#
...##.##.#.#.#..#.#
...##.#(.#.#.####.#


You could see a hobgoblin and a rat.

Vanquished Creatures
  An adder (D:2)
  2 oozes
  A worm (D:2)
  A dart slug (D:2)
  A leopard gecko (D:1)
  A giant cockroach (D:1)
  5 hobgoblins
  3 kobolds
  A quokka (D:2)
  4 bats (D:1)
  A frilled lizard (D:1)
  4 rats (D:1)
25 creatures vanquished.

Notes
Turn   | Place    | Note
-------+----------+-------------------------------------------
     0 | D:1      | Mesmaeker13 the Naga Enchanter began the quest for the Orb.
     0 | D:1      | Reached XP level 1. HP: 15/15 MP: 3/3
   126 | D:1      | Reached XP level 2. HP: 10/22 MP: 5/5
  1149 | D:2      | Found a blossoming altar of Fedhas.
  1161 | D:2      | Reached skill level 5 in Stealth
  1161 | D:2      | Reached XP level 3. HP: 15/28 MP: 3/6
  1680 | D:2      | Found a faded altar of an unknown god.
  1761 | D:2      | Slain by a hobgoblin

Levels and vault maps discovered:
D:1:      ncdulo_smallfort, layout_rooms, lemuel_another_geyser
D:2:      layout_basic, overflow_temple_1_default,
          chequers_ecumenical_altar_island

Skill      XL: |  1  2 |
---------------+-------+-----
Dodging        | 2 |  2.1
Stealth        | 5 |  5.2
Short Blades   | |  1.9
Spellcasting   | |  2.0
Hexes          | |  3.4

Action                   || total
-------------------------++-------
Melee: Dagger            ||    87
       Short sword       ||     5
 Cast: Corona            ||    11
 Abil: Spit Poison       ||     1
  Use: Potion            ||     1
 Stab: Sleeping          ||     3
  Eat: Chunk             ||     1
Armor: Robe              ||    20
Dodge: Dodged            ||    72
